 Dungeon Crawl Stone Soup version 0.31-a0-1522-g43313d8a59 (console) character file.

Game seed: 1280321671618115495

31575 jejorda2 the Cleaver (level 13, -8/105 HPs)
             Began as a Gnoll Berserker on Dec 30, 2023.
             Was a High Priest of Trog.
             Killed from afar by a lindwurm (35 damage)
             ... with a blast of flame
             ... on level 3 of the Lair of Beasts.
             The game lasted 00:34:42 (13878 turns).

jejorda2 the Cleaver (Gnoll Berserker)             Turns: 13878, Time: 00:34:45

Health: -8/105     AC: 28    Str: 22    XL:     13   Next: 59%
Magic:  25/25      EV: 10    Int:  6    God:    Trog [*****.]
Gold:   544        SH:  8    Dex: 12    Spells: 29/29 levels left

rFire   . . .        a - +0 war axe
rCold   . . .        s - +2 buckler {rN+}
rNeg    + + .        R - +0 plate armour
rPois   +            m - +0 helmet
rElec   +            J - +0 cloak
rCorr   .            z - +2 pair of gloves
SInv    .            P - +2 pair of boots {rampage}
Will    +++..        Q - amulet "Amoikaf" {Rampage rElec Regen+ Dex-2} Stlth
                     o - ring "Apoothey" {rPois rN+ Str+2 Slay+3}
HPRegen 2.17/turn    u - +4 ring of protection
MPRegen 0.19/turn

%: rampage
@: strong-willed, on berserk cooldown, enlightened, flying (expiring),
regenerating, slowed, very slow
A: fangs 1, strong nose, distributed training
a: Renounce Religion, Berserk, Trog's Hand, Brothers in Arms


You were on level 3 of the Lair of Beasts.
You worshipped Trog.
Trog was extremely pleased with you.
You visited 2 branches of the dungeon, and saw 14 of its levels.
You visited 1 bazaar.
You also visited: Sewer.

You collected 1166 gold pieces.
You spent 622 gold pieces at shops.

Inventory:

Hand Weapons
 a - a +0 war axe (weapon)
 b - a +1 demon whip of venom
Missiles
 f - 5 javelins
 l - 6 atropa-tipped darts
 y - 10 boomerangs
 C - a curare-tipped dart
 D - 19 poisoned darts (quivered)
 H - 6 throwing nets
Armour
 m - a +0 helmet (worn)
 s - a +2 buckler of positive energy (worn)
 z - a +2 pair of gloves (worn)
 J - a +0 cloak (worn)
 P - a +2 pair of boots of rampaging (worn)
 R - a +0 plate armour (worn)
Jewellery
 o - the ring "Apoothey" (left hand) {rPois rN+ Str+2 Slay+3}
   (You found it on level 2 of the Dungeon)

   [ring of positive energy]

   Str+2:     It affects your strength (+2).
   Slay+3:    It affects your accuracy & damage with ranged weapons and melee
   (+3).
   rPois:     It protects you from poison rN+: It protects you from negative
   energy.
 u - a +4 ring of protection (right hand)
 v - a ring of see invisible
 x - the necklace of Bloodlust {Fury *Rage Will++ Int-3 Slay+6}
   (You found it on level 9 of the Dungeon)

   [amulet of nothing]

   Fury:      It extends the wearer's berserk rage when killing foes.
   Int-3:     It affects your intelligence (-3).
   Slay+6:    It affects your accuracy & damage with ranged weapons and melee
   (+6).
   Will++:    It greatly increases your willpower.
   *Rage:     It berserks you when you make melee attacks (+50% chance).
 Q - the amulet "Amoikaf" (around neck) {Rampage rElec Regen+ Dex-2}
   (You bought it in a shop in a bazaar)

   [amulet of regeneration]

   Dex-2:     It affects your dexterity (-2).
   rElec:     It insulates you from electricity.
   Regen+:    It increases your rate of health regeneration.
   Rampage:   It bestows one free step when moving towards enemies.
Wands
 r - a wand of polymorph (18)
 B - a wand of roots (27)
 F - a wand of quicksilver (5)
 K - a wand of paralysis (6)
 M - a wand of flame (14)
Scrolls
 c - 8 scrolls of identify
 j - 3 scrolls of enchant armour
 k - 6 scrolls of teleportation
 p - 4 scrolls of blinking
 q - a scroll of immolation
 E - a scroll of enchant weapon
 G - a scroll of fear
Potions
 d - 4 potions of mutation
 e - 4 potions of heal wounds
 g - 2 potions of might
 h - 3 potions of enlightenment
 n - 2 potions of curing
 w - 4 potions of ambrosia
 A - a potion of resistance
 I - a potion of haste
 L - 4 potions of attraction
 O - 2 potions of cancellation


   Skills:
 + Level 10.9 Fighting
 + Level 8.7 Short Blades
 + Level 8.7 Long Blades
 + Level 10.9 Axes
 + Level 8.7 Maces & Flails
 + Level 8.7 Polearms
 + Level 8.7 Staves
 + Level 8.7 Ranged Weapons
 + Level 8.7 Throwing
 + Level 9.9 Armour
 + Level 9.9 Dodging
 + Level 8.7 Stealth
 + Level 8.7 Shields
 + Level 8.7 Unarmed Combat
 + Level 8.7 Spellcasting
 + Level 7.3 Conjurations
 + Level 7.3 Hexes
 + Level 7.3 Summonings
 + Level 7.3 Necromancy
 + Level 7.3 Translocations
 + Level 7.3 Fire Magic
 + Level 7.3 Ice Magic
 + Level 7.3 Air Magic
 + Level 7.3 Earth Magic
 + Level 7.3 Alchemy
 + Level 9.5 Invocations
 + Level 8.7 Evocations
 + Level 8.0 Shapeshifting


You had 29 spell levels left.
You didn't know any spells.
Your spell library was empty.

Dungeon Overview and Level Annotations

Branches:
Dungeon (11/15)            Temple (0/1) D:6            Lair (3/5) D:8
  Swamp (0/4) Lair:3       Spider (0/4) Lair:2          Orc (0/2) D:11
  Sewer (visited)

Altars:
Cheibriados
Kikubaaqudgha
Qazlal

Shops:
D:4 ?   D:7 [   D:9 *

Annotations:
D:7 3 runed translucent doors, Rennog's ghost, novice OpFE


Innate Abilities, Weirdness & Mutations

You have very sharp teeth.
Your uncanny sense of smell can sniff out nearby items.
Your experience applies equally to all skills.


Message History

You bite the lindwurm, but do no damage.
You slash the lindwurm!
You are starting to lose your buoyancy.
The lindwurm bites you but does no damage.
You block the lindwurm's attack.
The lindwurm claws you but does no damage.
The lindwurm bites you but does no damage.
The lindwurm claws you but does no damage. x2
The lindwurm closely misses you.
The lindwurm claws you but does no damage.
The lindwurm claws you!
The lindwurm bites you but does no damage.
You block the lindwurm's attack.
The lindwurm claws you but does no damage.
You barely miss the lindwurm.
You bite the lindwurm, but do no damage.
You hit the lindwurm. You block the lindwurm's attack.
The lindwurm claws you but does no damage. x2
The lindwurm breathes flames at you. The blast of flame hits you!
* * * LOW HITPOINT WARNING * * *
Unknown command.
Your skin crawls.
You feel strong-willed. You block the lindwurm's attack.
The lindwurm misses you.
The lindwurm claws you but does no damage.
The lindwurm misses you. You block the lindwurm's attack.
The lindwurm completely misses you. The lindwurm misses you.
The lindwurm claws you.
* * * LOW HITPOINT WARNING * * *
The lindwurm closely misses you. x3
The lindwurm claws you but does no damage.
Unknown command.
You slash the lindwurm!
The lindwurm is moderately wounded.
You hit the lindwurm. The lindwurm barely misses you.
The lindwurm claws you but does no damage. x2
The lindwurm breathes flames at you. The blast of flame hits you!!
You die...

..#.P##..##......§§§≈.§.......[.#
................≈§≈≈≈≈≈§.....P.†#
..............§≈≈≈§≈§≈§≈§§....#.#
...........§.≈≈§≈≈≈≈≈≈≈§≈≈§§.....
#....##....§≈≈≈≈≈≈≈≈§≈≈≈≈≈§≈.....
.#.#.##...§§§§≈§≈§....≈≈≈≈≈≈....#
.#.#.##....§§§§≈...# .kk≈≈≈≈≈...#
...#.......≈§§≈≈k.# #..≈≈≈≈≈...#
.#.........§§≈≈k@#.(!.#.k≈§§§§...
.......≈≈≈§§.##∆∆>!##.≈≈≈≈≈...
.......≈§§§≈§# ∆∆∆∆##.§≈≈≈≈..#
........≈≈§§§.# ∆∆.#.§≈§≈≈...#
...#....≈§≈≈≈§.# #..§§≈≈≈...#
.##....§§§≈≈... .§.≈§≈≈§...#
....§≈§§≈≈≈.§ .§≈≈§≈≈§.... .§≈≈§
≈≈§≈≈≈§§§...# §≈≈≈≈≈≈≈≈.§...#


You could see 2 lindwurms.

Vanquished Creatures
  Josephine (D:10)
  2 boulder beetles
  A hydra (Lair:2)
  2 centaur warriors (D:8)
  A two-headed ogre (D:8)
  Amaemon (D:8)
  4 deep trolls (D:9)
  A swamp dragon (Lair:3)
  Pikel (D:8)
  2 lindwurms (Lair:3)
  A manticore (D:11)
  Maurice (D:7)
  5 cane toads
  4 komodo dragons
  3 trolls
  3 hornets
  3 blink frogs (Lair:3)
  Sigmund (D:5)
  A vampire (D:11)
  A shadow (D:10)
  39 yaks
  9 wraiths
  2 basilisks
  3 wyverns
  2 steam dragons
  Grum (D:9)
  An acid dragon (D:9)
  10 water moccasins
  Duvessa (D:5)
  A sky beast (D:7)
  3 orc warriors
  An ice beast (D:6)
  2 black bears
  2 ogres
  16 wolves
  4 centaurs
  A lemure (D:8)
  A phantom (D:5)
  3 kobold brigands
  2 scorpions
  9 bullfrogs
  3 gnoll sergeants
  16 wights
  Dowan (D:5)
  4 killer bees (D:10)
  3 howler monkeys
  2 bombardier beetles
  3 hounds
  4 orc priests
  2 gnoll boudas
  3 jellies
  A sleepcap (D:7)
  Jessica (D:2)
  9 iguanas
  13 orc wizards
  5 adders
  19 gnolls
  2 river rats (Sewer)
  A shadow imp (D:6)
  4 white imps
  2 dart slugs
  2 ribbon worms (D:4)
  23 orcs
  8 bats
  7 endoplasms
  2 giant cockroaches
  7 hobgoblins
  5 jackals
  17 kobolds
  7 quokkas
  5 ball pythons
  8 frilled lizards
  7 goblins
  13 rats
361 creatures vanquished.

Vanquished Creatures (collateral kills)
  Lodul (D:11)
  An orange demon (D:8)
  A gargoyle (D:8)
  A slime creature (D:8)
  A wraith (D:11)
  6 ogres (D:11)
  A centaur (D:11)
12 creatures vanquished.

Grand Total: 373 creatures vanquished

Notes
Turn   | Place    | Note
-------+----------+-------------------------------------------
     0 | D:1      | jejorda2 the Gnoll Berserker began the quest for the Orb.
     0 | D:1      | Reached XP level 1. HP: 23/23 MP: 1/1
    86 | D:1      | Reached XP level 2. HP: 23/29 MP: 2/2
   487 | D:1      | Reached XP level 3. HP: 35/35 MP: 3/3
   967 | D:2      | Noticed Jessica
   972 | D:2      | Killed Jessica
   973 | D:2      | Reached skill level 1 in Short Blades
   973 | D:2      | Reached skill level 1 in Long Blades
   973 | D:2      | Reached skill level 1 in Maces & Flails
   973 | D:2      | Reached skill level 1 in Polearms
   973 | D:2      | Reached skill level 1 in Staves
   973 | D:2      | Reached skill level 1 in Ranged Weapons
   973 | D:2      | Reached skill level 1 in Throwing
   973 | D:2      | Reached skill level 1 in Stealth
   973 | D:2      | Reached skill level 1 in Shields
   973 | D:2      | Reached skill level 1 in Unarmed Combat
   973 | D:2      | Reached skill level 1 in Spellcasting
   973 | D:2      | Reached skill level 1 in Invocations
   973 | D:2      | Reached skill level 1 in Evocations
   973 | D:2      | Reached skill level 1 in Shapeshifting
   973 | D:2      | Reached XP level 4. HP: 36/41 MP: 5/5
  1002 | D:2      | Found a faded altar of an unknown god.
  1023 | D:2      | Reached ** piety under Trog
  1145 | D:2      | Identified the ring "Apoothey" {rPois rN+ Str+2 Slay+3}
  1279 | D:2      | Reached skill level 1 in Conjurations
  1279 | D:2      | Reached skill level 1 in Hexes
  1279 | D:2      | Reached skill level 1 in Summonings
  1279 | D:2      | Reached skill level 1 in Necromancy
  1279 | D:2      | Reached skill level 1 in Translocations
  1279 | D:2      | Reached skill level 1 in Fire Magic
  1279 | D:2      | Reached skill level 1 in Ice Magic
  1279 | D:2      | Reached skill level 1 in Air Magic
  1279 | D:2      | Reached skill level 1 in Earth Magic
  1279 | D:2      | Reached skill level 1 in Alchemy
  1787 | D:3      | Reached XP level 5. HP: 47/47 MP: 5/7
  2111 | D:4      | Found Anaa's Magic Scroll Emporium.
  2117 | D:4      | Found a glowing drain.
  2151 | D:4      | Reached *** piety under Trog
  2172 | Sewer    | Entered a sewer
  2239 | Sewer    | Noticed a kobold brigand
  2242 | Sewer    | Noticed a kobold brigand
  2255 | Sewer    | Killed a kobold brigand
  2256 | Sewer    | Reached skill level 5 in Armour
  2256 | Sewer    | Reached skill level 5 in Dodging
  2256 | Sewer    | Reached XP level 6. HP: 34/53 MP: 8/8
  2346 | Sewer    | Found a glowing silver altar of Zin.
  2814 | D:4      | Reached XP level 7. HP: 60/60 MP: 10/10
  2938 | D:4      | Bought a scroll of teleportation for 30 gold pieces
  2938 | D:4      | Bought a scroll of identify for 20 gold pieces
  3162 | D:5      | Entered Level 5 of the Dungeon
  3209 | D:5      | Found a stormy altar of Qazlal.
  3212 | D:5      | Noticed Dowan
  3214 | D:5      | Noticed Duvessa
  3226 | D:5      | Killed Dowan
  3239 | D:5      | Killed Duvessa
  3435 | D:5      | Reached XP level 8. HP: 46/67 MP: 12/12
  3537 | D:5      | Noticed Sigmund
  3543 | D:5      | Killed Sigmund
  3829 | D:5      | Reached **** piety under Trog
  4251 | D:6      | Reached XP level 9. HP: 72/73 MP: 14/14
  4615 | D:6      | Found a staircase to the Ecumenical Temple.
  4864 | D:6      | Reached skill level 5 in Invocations
  5240 | D:7      | Found a snail-covered altar of Cheibriados.
  5240 | D:7      | Found Cheibriados's Comfort Zone.
  5516 | D:7      | Noticed Maurice
  5534 | D:7      | Noticed Rennog's ghost (novice OpFE)
  5541 | D:7      | Killed Maurice
  5542 | D:7      | Reached skill level 5 in Short Blades
  5542 | D:7      | Reached skill level 5 in Long Blades
  5542 | D:7      | Reached skill level 5 in Maces & Flails
  5542 | D:7      | Reached skill level 5 in Polearms
  5542 | D:7      | Reached skill level 5 in Staves
  5542 | D:7      | Reached skill level 5 in Ranged Weapons
  5542 | D:7      | Reached skill level 5 in Throwing
  5542 | D:7      | Reached skill level 5 in Stealth
  5542 | D:7      | Reached skill level 5 in Shields
  5542 | D:7      | Reached skill level 5 in Unarmed Combat
  5542 | D:7      | Reached skill level 5 in Spellcasting
  5542 | D:7      | Reached skill level 5 in Evocations
  5542 | D:7      | Reached XP level 10. HP: 82/82 MP: 15/17
  5559 | D:7      | Found a runed translucent gate.
  5559 | D:7      | Found a runed translucent gate.
  5559 | D:7      | Found a runed translucent gate.
  5619 | D:7      | Noticed a boulder beetle
  5632 | D:7      | Killed a boulder beetle
  6263 | D:7      | Reached skill level 5 in Shapeshifting
  6268 | D:7      | Reached ***** piety under Trog
  6967 | D:8      | Found a staircase to the Lair.
  7084 | D:8      | Noticed Pikel
  7110 | D:8      | Killed Pikel
  7442 | D:8      | Found an ancient bone altar of Kikubaaqudgha.
  7520 | D:8      | Noticed a centaur warrior
  7533 | D:8      | Reached skill level 5 in Conjurations
  7533 | D:8      | Reached skill level 5 in Hexes
  7533 | D:8      | Reached skill level 5 in Summonings
  7533 | D:8      | Reached skill level 5 in Necromancy
  7533 | D:8      | Reached skill level 5 in Translocations
  7533 | D:8      | Reached skill level 5 in Fire Magic
  7533 | D:8      | Reached skill level 5 in Ice Magic
  7533 | D:8      | Reached skill level 5 in Air Magic
  7533 | D:8      | Reached skill level 5 in Earth Magic
  7533 | D:8      | Reached skill level 5 in Alchemy
  7533 | D:8      | Reached XP level 11. HP: 89/89 MP: 20/20
  7537 | D:8      | Killed a centaur warrior
  7641 | D:8      | Noticed a two-headed ogre
  7645 | D:8      | Noticed Amaemon
  7654 | D:8      | Killed a two-headed ogre
  7664 | D:8      | Killed Amaemon
  7911 | D:8      | Noticed a centaur warrior
  7927 | D:8      | Killed a centaur warrior
  8278 | D:9      | Noticed Grum
  8285 | D:9      | Found Sesaiwno's Elemental Accessories.
  8289 | D:9      | Killed Grum
  8536 | D:9      | Noticed a deep troll
  8545 | D:9      | Killed a deep troll
  8546 | D:9      | Noticed a deep troll
  8567 | D:9      | Killed a deep troll
  8871 | D:9      | Reached XP level 12. HP: 88/97 MP: 22/22
  9203 | D:9      | Found the necklace of Bloodlust {Fury *Rage Will++ Int-3
                  | Slay+6}
  9282 | D:10     | Entered Level 10 of the Dungeon
  9453 | D:10     | Noticed Josephine
  9458 | D:10     | Reached skill level 10 in Fighting
  9458 | D:10     | Reached skill level 10 in Axes
  9466 | D:10     | Killed Josephine
 10093 | D:10     | Identified the amulet "Atzituw" {RegenMP Slay+2}
 10822 | D:11     | Noticed a boulder beetle
 10833 | D:11     | Killed a boulder beetle
 10846 | D:11     | Received a gift from Trog
 10893 | D:11     | Noticed Lodul
 10898 | D:11     | Killed Lodul
 10948 | D:11     | Found a staircase to the Orcish Mines.
 11006 | D:11     | Found a flickering gateway to a bazaar.
 11016 | Bazaar   | Entered a bazaar
 11016 | Bazaar   | Found Voimear's Antique Armour Shoppe.
 11029 | Bazaar   | Found Figel's Antique Armour Shoppe.
 11043 | Bazaar   | Found Inkemoj's Jewellery Shoppe.
 11077 | Bazaar   | Bought a pair of embroidered boots for 135 gold pieces
 11104 | Bazaar   | Bought the amulet "Amoikaf" {Rampage rElec Regen+ Dex-2}
                  | for 437 gold pieces
 11616 | Lair:1   | Entered Level 1 of the Lair of Beasts
 11655 | Lair:1   | Reached XP level 13. HP: 95/104 MP: 25/25
 12470 | Lair:2   | Found a hole to the Spider Nest.
 13458 | Lair:3   | Found a staircase to the Swamp.
 13878 | Lair:3   | Killed from afar by a lindwurm

Illustrated notes

Levels and vault maps discovered:
D:1:      eino_arrival_water_star, layout_loops_ring, serial_park_tiny_pond
D:2:      layout_basic, basic_ecumenical_altar, minmay_circle_x, uniq_jessica
D:3:      layout_basic
D:4:      minmay_general_purpose_star, layout_rooms,
          mainiacjoe_sewer_entry_somewhere_in_here_1, serial_shops, shop
D:5:      layout_loops_ring, old_standard_altar, uniq_duvessa, uniq_sigmund
D:6:      layout_basic, minmay_temple_entry_poolview,
          serial_library_hellmonk_room_b
D:7:      layout_cave_pods, gammafunk_ghost_icy, minmay_misc_feat_rows,
          minmay_shop_chei, uniq_maurice
D:8:      minmay_tri_box, layout_basic, kiku_gazebo_pond_becter,
          erik_lair_orcish_takeover, uniq_amaemon, uniq_pikel
D:9:      layout_rooms, nicolae_elemental_shop, hangedman_decor_growths,
          hellmonk_guarded_unrand_vitality_bloodlust, uniq_grum
D:10:     layout_grid_maze, uniq_josephine
D:11:     layout_cave_pools, orc_0_dummy, serial_shops, bzr_entry_safe,
          kennysheep_cluttered_room, uniq_lodul
Lair:1:   layout_hall_layers, serial_rivers, chequers_serial_rivers_micro_d,
          chequers_serial_rivers_micro_b, chequers_serial_rivers_micro_e,
          chequers_serial_rivers_room_b
Lair:2:   layout_small_grid, dummy_spider_entry
Lair:3:   layout_gridlike, minmay_swamp_entry_reptiles, minmay_lindwurm_lava,
          lemuel_fruit_fields

Skill      XL: |  1  2  3  4  5  6  7  8  9 10 11 12 13 |
---------------+----------------------------------------+-----
Short Blades   | 1 2 3 5 6 7 8 |  8.7
Long Blades    | 1 2 3 5 6 7 8 |  8.7
Maces & Flails | 1 2 3 5 6 7 8 |  8.7
Polearms       | 1 2 3 5 6 7 8 |  8.7
Staves         | 1 2 3 5 6 7 8 |  8.7
Ranged Weapons | 1 2 3 5 6 7 8 |  8.7
Throwing       | 1 2 3 5 6 7 8 |  8.7
Stealth        | 1 2 3 5 6 7 8 |  8.7
Shields        | 1 2 3 5 6 7 8 |  8.7
Unarmed Combat | 1 2 3 5 6 7 8 |  8.7
Spellcasting   | 1 2 3 5 6 7 8 |  8.7
Invocations    | 1 2 3 4 5 6 7 8 9 |  9.5
Evocations     | 1 2 3 5 6 7 8 |  8.7
Shapeshifting  | 1 2 3 4 5 6 7 8 |  8.0
Conjurations   | 1 2 3 4 5 6 7 |  7.3
Hexes          | 1 2 3 4 5 6 7 |  7.3
Summonings     | 1 2 3 4 5 6 7 |  7.3
Necromancy     | 1 2 3 4 5 6 7 |  7.3
Translocations | 1 2 3 4 5 6 7 |  7.3
Fire Magic     | 1 2 3 4 5 6 7 |  7.3
Ice Magic      | 1 2 3 4 5 6 7 |  7.3
Air Magic      | 1 2 3 4 5 6 7 |  7.3
Earth Magic    | 1 2 3 4 5 6 7 |  7.3
Alchemy        | 1 2 3 4 5 6 7 |  7.3
Armour         | 5 6 7 8 9 |  9.9
Dodging        | 5 6 7 8 9 |  9.9
Fighting       | 7 8 9 10 | 10.9
Axes           | 7 8 9 10 | 10.9

Action                     |  1- 3 |  4- 6 |  7- 9 | 10-12 | 13-15 || total
---------------------------+-------+-------+-------+-------+-------++-------
  Melee: Hand axe          |    95 |       |       |       |       ||    95
         Punch             |     2 |       |     1 |       |       ||     3
         Bite              |     6 |    16 |    22 |    71 |    43 ||   158
         Dire flail        |       |   194 |   197 |   142 |       ||   533
         War axe           |       |       |    18 |    79 |    58 ||   155
         Demon whip        |       |       |       |   264 |   191 ||   455
  Throw: Dart              |       |       |       |    28 |    19 ||    47
 Invoke: Berserk           |       |     1 |     2 |     7 |     4 ||    14
         Trog's Hand       |       |       |     2 |     4 |     1 ||     7
         Brothers in Arms  |       |       |       |     3 |       ||     3
    Use: Scroll            |       |       |    14 |     9 |       ||    23
         Potion            |       |       |       |     3 |     1 ||     4
 Armour: Leather armour    |    32 |       |       |       |       ||    32
         Animal skin       |     1 |       |       |       |       ||     1
         Chain mail        |    15 |   152 |   151 |   301 |       ||   619
         Plate armour      |       |       |       |    31 |   223 ||   254
  Dodge: Dodged            |    52 |   142 |   154 |   237 |   108 ||   693
  Block: Buckler           |       |       |       |   124 |    97 ||   221

Table legend: (Time is in decaauts)
 A = Elapsed time spent in this place.
 B = Non-inter-level travel time spent in this place.
 C = Inter-level travel time spent in this place.
 D = Time resting spent in this place.
 E = Time spent auto-exploring this place.
 F = Levels seen in this place.
 G = Mean time per level.
                   A        B        C        D        E       F      G
               +--------+--------+--------+--------+--------+-----+--------+
         Total |  14076 |  13620 |    456 |   1284 |   9604 |  16 |  879.8 |
       Dungeon |  11486 |  11098 |    388 |   1180 |   7734 |  11 | 1044.2 |
          Lair |   2217 |   2149 |     68 |    104 |   1635 |   3 |  739.0 |
        Bazaar |    120 |    120 |      0 |      0 |     55 |   1 |  120.0 |
         Sewer |    252 |    252 |      0 |      0 |    180 |   1 |  252.0 |
               +--------+--------+--------+--------+--------+-----+--------+

Top non-repeatable levels by time:
     D:8: 1728 daAuts
    D:10: 1675 daAuts
     D:7: 1416 daAuts
     D:6: 1096 daAuts
  Lair:2: 1007 daAuts
     D:9: 1007 daAuts
     D:5: 983 daAuts
     D:4: 871 daAuts
     D:1: 864 daAuts
     D:2: 839 daAuts
  Lair:1: 667 daAuts
    D:11: 577 daAuts
  Lair:3: 542 daAuts
     D:3: 426 daAuts
   Sewer: 252 daAuts
